|
||||||||||||||||||||||||||||||||||||||||||||||||||||||||||||||||||||||||||||||||||||||||||||||||||||||||||||||||||||||||||||||||||||
| ||||||||||||||||||||||||||||||||||||||||||||||||||||||||||||||||||||||||||||||||||||||||||||||||||||||||||||||||||||||||||||||||||||
Top of the 5th over - 0 runs, 0 hits, 0 errors, 0 left on base; Cleveland 1 - Houston 2 |
BOTTOM OF THE 5TH | |
---|---|
Houston Astros batting - Pitching for Cleveland Guardians : RHP Ben Cole | |
Batting: LHB Josh Corkery |
0-0: Foul Ball, location: 2F 0-1: Called Strike 0-2: Strikes out looking |
Batting: LHB Eric Katz |
0-0: Ball 1-0: Ball 2-0: Ball 3-0: Called Strike 3-1: DOUBLE (Line Drive, 89D, EV 110.6 MPH) |
Batting: LHB Jack Christie |
0-0: Swinging Strike 0-1: Ball 1-1: Swinging Strike 1-2: Ball 2-2: Ball 3-2: Strikes out swinging |
Batting: LHB Bryce Hill |
0-0: Ball 1-0: DOUBLE (Groundball, 3L, EV 100.6 MPH) Eric Katz scores |
Batting: RHB Jeremy Trump | 0-0: Fly out, F4 (Popup, 4D, EV 69.4 MPH) |
Bottom of the 5th over - 1 run, 2 hits, 0 errors, 1 left on base; Cleveland 1 - Houston 3 |
TOP OF THE 6TH | |
---|---|
Cleveland Guardians batting - Pitching for Houston Astros : LHP Jimmy Edlin | |
Batting: RHB Nick Sharp |
0-0: Ball 1-0: Ground out 6-3 (Groundball, 6, EV 107.5 MPH) |
Batting: RHB Nick Ogle |
0-0: Ball 1-0: SINGLE (Groundball, 56S, EV 65.0 MPH) (infield hit) |
Batting: RHB Jasper Burd |
0-0: Ball 1-0: Ball 2-0: SINGLE (Flyball, 4D, EV 93.8 MPH) Nick Ogle to second |
Batting: RHB Christian Blue |
0-0: Ground out 4-3 (Groundball, 34, EV 102.5 MPH) Nick Ogle to third Jasper Burd to second |
Batting: LHB Alejandro Soriano |
0-0: Foul Ball, location: 2F 0-1: Called Strike 0-2: Ball 1-2: Strikes out swinging |
Top of the 6th over - 0 runs, 2 hits, 0 errors, 2 left on base; Cleveland 1 - Houston 3 |
BOTTOM OF THE 6TH | |
---|---|
Houston Astros batting - Pitching for Cleveland Guardians : RHP Ben Cole | |
Batting: LHB Mark Dearth | 0-0: Fly out, F9 (Flyball, 89M, EV 85.6 MPH) |
Batting: SHB Joe Gardner |
0-0: Ball 1-0: Ball 2-0: Ball 3-0: Base on Balls |
Pitching: LHP Victor Garcia | |
Batting: RHB Eric Chotkowski |
0-0: Called Strike 0-1: Fly out, F8 (Flyball, 8RD, EV 96.9 MPH) |
Batting: RHB Kyle Davis |
0-0: Ball 1-0: Fielders Choice at 2nd, 6-4 (Groundball, 6, EV 78.1 MPH) |
Bottom of the 6th over - 0 runs, 0 hits, 0 errors, 1 left on base; Cleveland 1 - Houston 3 |
TOP OF THE 7TH | |
---|---|
Cleveland Guardians batting - Pitching for Houston Astros : LHP Jimmy Edlin | |
Batting: RHB Henri Cederberg |
0-0: Called Strike 0-1: Swinging Strike 0-2: Ball 1-2: SINGLE (Flyball, 78S, EV 93.1 MPH) |
Batting: LHB Corey Trevor |
0-0: Ball 1-0: Swinging Strike 1-1: Foul Ball, location: 2F 1-2: SINGLE (Line Drive, 56, EV 101.9 MPH) Henri Cederberg to second |
Batting: RHB Aaron Matthews |
0-0: Ball 1-0: Swinging Strike 1-1: SINGLE (Line Drive, 78S, EV 97.5 MPH) Henri Cederberg to third Corey Trevor to second Runner from 3rd tries for Home, SAFE, throw by CF to home |
Batting: LHB John Harring |
0-0: Ground out 5-3 (Groundball, 6S, EV 68.1 MPH) Corey Trevor to third Aaron Matthews to second |
Batting: RHB Nick Sharp |
0-0: Ball 1-0: Ball 2-0: Ball 3-0: Called Strike 3-1: Ground out 5-3 (Groundball, 56S, EV 90.0 MPH) Corey Trevor scores |
Batting: RHB Nick Ogle |
0-0: Ball 1-0: Ground out 1-3 (Groundball, P, EV 67.5 MPH) |
Top of the 7th over - 2 runs, 3 hits, 0 errors, 1 left on base; Cleveland 3 - Houston 3 |
BOTTOM OF THE 7TH | |
---|---|
Houston Astros batting - Pitching for Cleveland Guardians : LHP Victor Garcia | |
Batting: LHB Josh Corkery |
0-0: Called Strike 0-1: Foul Ball, location: 2F 0-2: Ball 1-2: Strikes out swinging |
Batting: LHB Eric Katz |
0-0: Ball 1-0: Ground out 6-3 (Groundball, 6, EV 83.1 MPH) |
Batting: LHB Jack Christie |
0-0: Ball 1-0: SINGLE (Groundball, 56S, EV 70.6 MPH) (infield hit) |
Batting: LHB Bryce Hill |
0-0: Foul Ball, location: 2F 0-1: Ball 1-1: Swinging Strike 1-2: Strikes out swinging |
Bottom of the 7th over - 0 runs, 1 hit, 0 errors, 1 left on base; Cleveland 3 - Houston 3 |
TOP OF THE 8TH | |
---|---|
Cleveland Guardians batting - Pitching for Houston Astros : LHP Jimmy Edlin | |
Batting: RHB Jasper Burd |
0-0: Ball 1-0: Ball 2-0: Foul Ball, location: 2F 2-1: Swinging Strike 2-2: Strikes out swinging |
Batting: RHB Christian Blue |
0-0: Called Strike 0-1: Ball 1-1: Ball 2-1: Foul Ball, location: 2F 2-2: Fly out, F7 (Flyball, 7, EV 83.8 MPH) |
Batting: LHB Alejandro Soriano |
0-0: Foul Ball, location: 2F 0-1: Ball 1-1: Hit by Pitch |
Pitching: RHP Dave Thomas | |
Batting: LHB Danny Dunham |
0-0: Called Strike 0-1: Called Strike Alejandro Soriano steals 2nd base (no throw) 0-2: Ball 1-2: Ball 2-2: Ground out U3 (Groundball, 3, EV 80.6 MPH) |
Top of the 8th over - 0 runs, 0 hits, 0 errors, 1 left on base; Cleveland 3 - Houston 3 |
BOTTOM OF THE 8TH | |
---|---|
Houston Astros batting - Pitching for Cleveland Guardians : LHP Victor Garcia | |
Batting: RHB Jeremy Trump |
0-0: Ball 1-0: Foul Ball, location: 2F 1-1: Foul Ball, location: 2F 1-2: Strikes out looking |
Batting: LHB Mark Dearth |
0-0: Called Strike 0-1: Ground out 1-3 (Groundball, 34S, EV 69.4 MPH) |
Batting: SHB Joe Gardner |
0-0: Ball 1-0: Ball 2-0: Ball 3-0: Base on Balls |
Batting: RHB Eric Chotkowski |
0-0: Ball 1-0: Fly out, F8 (Line Drive, 89M, EV 87.5 MPH) |
Bottom of the 8th over - 0 runs, 0 hits, 0 errors, 1 left on base; Cleveland 3 - Houston 3 |
TOP OF THE 9TH | |
---|---|
Cleveland Guardians batting - Pitching for Houston Astros : RHP Dave Thomas | |
Batting: LHB Corey Trevor |
0-0: Called Strike 0-1: Called Strike 0-2: Foul Ball, location: 2F 0-2: Hit by Pitch |
Pinch Hitting: LHB Hector Pedroso |
0-0: Sac Bunt to 13 - play at first, batter OUT! 1-3 Corey Trevor to second |
Batting: LHB John Harring | 0-0: Fly out, F8 (Flyball, 8LS, EV 78.8 MPH) |
Batting: RHB Nick Sharp |
0-0: Foul Ball, location: 2F 0-1: Foul Ball, location: 2F 0-2: Ball 1-2: Strikes out looking |
Top of the 9th over - 0 runs, 0 hits, 0 errors, 1 left on base; Cleveland 3 - Houston 3 |
BOTTOM OF THE 9TH | |
---|---|
Houston Astros batting - Pitching for Cleveland Guardians : LHP Victor Garcia | |
Pitching: LHP Chris Thurner | |
Now at 2B: Terry Baginski | |
Now at SS: Jasper Burd | |
Batting: RHB Kyle Davis | 0-0: Ground out 5-3 (Groundball, 56S, EV 78.1 MPH) |
Batting: LHB Josh Corkery |
0-0: Called Strike 0-1: DOUBLE (Groundball, 5L, EV 106.2 MPH) |
Batting: LHB Eric Katz | 0-0: Intentional Walk |
Batting: RHB Mark Marks |
0-0: Called Strike 0-1: Ball 1-1: Called Strike 1-2: Fly out, F7 (Flyball, 7, EV 98.1 MPH) |
Pinch Hitting: SHB Paskar Adegoke |
0-0: Called Strike 0-1: Foul Ball, location: 2F 0-2: Strikes out swinging |
Bottom of the 9th over - 0 runs, 1 hit, 0 errors, 2 left on base; Cleveland 3 - Houston 3 |
TOP OF THE 10TH | |
---|---|
Cleveland Guardians batting - Pitching for Houston Astros : RHP Dave Thomas | |
Now in RF: Danny Wolver | |
Batting: RHB Nick Ogle |
0-0: Ball 1-0: Ball 2-0: Fly out, F8 (Flyball, 78M, EV 93.8 MPH) |
Batting: RHB Jasper Burd |
0-0: Ball 1-0: Called Strike 1-1: Called Strike 1-2: Strikes out swinging |
Batting: RHB Christian Blue |
0-0: Ball 1-0: Ball 2-0: Called Strike 2-1: Ball 3-1: Fly out, F7 (Flyball, 7, EV 88.1 MPH) |
Top of the 10th over - 0 runs, 0 hits, 0 errors, 0 left on base; Cleveland 3 - Houston 3 |
BOTTOM OF THE 10TH | |
---|---|
Houston Astros batting - Pitching for Cleveland Guardians : LHP Chris Thurner | |
Batting: RHB Jeremy Trump |
0-0: Called Strike 0-1: Called Strike 0-2: Strikes out swinging |
Batting: LHB Mark Dearth | 0-0: Fly out, F5 (Popup, 15, EV 86.2 MPH) |
Batting: SHB Joe Gardner |
0-0: Ball 1-0: Ball 2-0: Called Strike 2-1: Ground out U3 (Groundball, 34, EV 82.5 MPH) |
Bottom of the 10th over - 0 runs, 0 hits, 0 errors, 0 left on base; Cleveland 3 - Houston 3 |
TOP OF THE 11TH | |
---|---|
Cleveland Guardians batting - Pitching for Houston Astros : RHP Dave Thomas | |
Batting: LHB Alejandro Soriano | 0-0: SINGLE (Flyball, 4D, EV 89.4 MPH) |
Batting: LHB Danny Dunham |
0-0: Called Strike Alejandro Soriano steals 2nd base 0-1: Called Strike 0-2: Ball 1-2: Ball 2-2: Strikes out looking |
Batting: LHB Corey Trevor | 0-0: Intentional Walk |
Batting: RHB Terry Baginski |
0-0: Ball Alejandro Soriano steals 3rd base Corey Trevor to second 1-0: Ball 2-0: Ball 3-0: Base on Balls |
Batting: LHB John Harring |
0-0: Called Strike 0-1: Ball 1-1: Swinging Strike 1-2: Foul Ball, location: 2F 1-2: Ball 2-2: Strikes out swinging |
Pitching: RHP Aaron Shapiro | |
Batting: RHB Nick Sharp |
0-0: Ball 1-0: Ball 2-0: Ball 3-0: Called Strike 3-1: Foul Ball, location: 2F 3-2: Foul Ball, location: 2F 3-2: Foul Ball, location: 2F 3-2: Ground out 6-3 (Groundball, 6M, EV 102.5 MPH) |
Top of the 11th over - 0 runs, 1 hit, 0 errors, 3 left on base; Cleveland 3 - Houston 3 |
BOTTOM OF THE 11TH | |
---|---|
Houston Astros batting - Pitching for Cleveland Guardians : LHP Chris Thurner | |
Batting: RHB Eric Chotkowski | 0-0: SINGLE (Flyball, 34D, EV 93.8 MPH) |
Batting: RHB Kyle Davis | 0-0: Sac Bunt to 13S - play at second, runner safe! |
Pitching: RHP Mike Chisolm | |
Batting: LHB Josh Corkery |
0-0: Ball 1-0: Called Strike 1-1: Fielders Choice at 2nd, 6-4 (Groundball, 6M, EV 84.4 MPH) Eric Chotkowski to third |
Batting: LHB Eric Katz |
0-0: Ball Josh Corkery steals 2nd base (no throw) 1-0: Intentional Walk |
Batting: RHB Mark Marks |
0-0: SINGLE (Groundball, 6MD, EV 101.9 MPH) Eric Chotkowski scores |
Bottom of the 11th over - 1 run, 2 hits, 0 errors, 2 left on base; Cleveland 3 - Houston 4 |
Sunday, July 16th , 2023 - OOTP Baseball 24.6 Build 69 |